 Dungeon Sprint DCSS version 0.29-a0-364-g921d912d32 (webtiles) character file.

Game seed: 4518540886265181526

638 mhtbhm the Slicer (level 7, -2/79 HPs)
             Began as a Kobold Berserker on Apr 30, 2022.
             Was the Champion of Trog.
             Slain by a bog body (22 damage)
             ... in the Dungeon (Sprint VII: "The Pits").
             The game lasted 00:01:14 (447 turns).

mhtbhm the Slicer (Kobold Berserker)                 Turns: 447, Time: 00:01:15

Health: -2/79      AC:  9    Str: 16    XL:     7   Next: 80%
Magic:  7/7        EV: 16    Int:  8    God:    Trog [******]
Gold:   0          SH:  0    Dex: 15    Spells: 6/6 levels left

rFire   . . .      SeeInvis .   a - +3 dagger (drain)
rCold   . . .      Faith    .   (no shield)
rNeg    . . .      Spirit   .   b - +3 ring mail
rPois   .          Reflect  .   (no helmet)
rElec   .          Harm     .   (no cloak)
rCorr   .          Rampage  .   (no gloves)
Will    .....      NoTele   +   (no boots)
Stlth   ..........              (no amulet)
HPRegen 0.23/turn               (no ring)
MPRegen 0.10/turn               (no ring)

@: berserking, very quick
A: small, no large weapons, nightstalker 3
a: Renounce Religion, Berserk, Trog's Hand, Brothers in Arms


You were in the Dungeon.
You worshipped Trog.
Trog was exalted by your worship.
You visited 1 branch

Inventory:

Hand Weapons
 a - a +3 dagger of draining (weapon)
Missiles
 c - 7 poisoned darts (quivered)
Armour
 b - a +3 ring mail (worn)
Scrolls
 h - a scroll of blinking
 j - a scroll of summoning
Potions
 d - 5 potions of heal wounds
 e - a potion of haste
 f - 4 potions of magic
 g - 3 potions of berserk rage
 i - 2 potions of invisibility
 k - 4 potions of curing


   Skills:
 + Level 10.3 Fighting
 + Level 13.5 Short Blades
 + Level 5.0 Armour
 + Level 7.2 Dodging
 + Level 2.8 Stealth


You had 6 spell levels left.
You didn't know any spells.
Your spell library was empty.

Dungeon Overview and Level Annotations

Branches:
Dungeon (1/1)

Altars:


Innate Abilities, Weirdness & Mutations

You are small and have problems with some larger weapons.
You are completely attuned to the shadows.


Message History

Okay, then.
You open the door.
A necrophage comes into view.
There is an open door here.
The helpless necrophage fails to defend itself.
You perforate the necrophage like a sieve!!!
You destroy the necrophage!
Trog accepts your kill.
Your Armour skill increases to level 5!
You see here a necrophage corpse.
You open the door.
A bog body comes into view.
The bog body touches you. The bog body freezes you!
There is an open door here.
You hit the bog body.
The bog body is lightly damaged.
You hit the bog body.
The bog body is lightly damaged.
The bog body completely misses you.
You hit the bog body.
The bog body is moderately damaged.
You closely miss the bog body.
The bog body is moderately damaged.
The bog body touches you! The bog body freezes you!
A red film seems to cover your vision as you go berserk!
You feel yourself moving faster!
You feel mighty! The bog body casts a spell at you.
You struggle to resist.
You hit the bog body.
The bog body is moderately damaged.
You hit the bog body.
The bog body is heavily damaged.
You completely miss the bog body.
The bog body is heavily damaged.
You barely miss the bog body.
The bog body is heavily damaged.
The bog body touches you!
* * * LOW HITPOINT WARNING * * *
The bog body freezes you!!
You die...

#.#..'.))).##.......#
#.#..#.)))[##.......#
#)###########.......#
#))#.#. #########
#))..... ##.#.#.##
#.......#+#
##.#.#.##n+
#.......#@#
##.#.#..'†#
##########


You could see a bog body.

Vanquished Creatures
  A flying skull (D)
  A water moccasin (D)
  An ice beast (D)
  A kobold brigand (D)
  A necrophage (D)
  A hound (D)
  An orc priest (D)
  3 orc wizards (D)
  4 orcs (D)
  A bat (D)
  A goblin (D)
  A kobold (D)
  A quokka (D)
  3 ball pythons (D)
  A rat (D)
22 creatures vanquished.

Notes
Turn   | Place    | Note
-------+----------+-------------------------------------------
     0 | D        | mhtbhm the Kobold Berserker began the quest for the Orb.
     0 | D        | Reached XP level 1. HP: 14/14 MP: 1/1
    53 | D        | Reached ** piety under Trog
    85 | D        | Noticed a kobold brigand
    95 | D        | Reached skill level 5 in Short Blades
    95 | D        | Reached XP level 2. HP: 20/20 MP: 2/2
    98 | D        | Killed a kobold brigand
    98 | D        | Reached *** piety under Trog
    99 | D        | Reached skill level 7 in Short Blades
    99 | D        | Reached skill level 1 in Stealth
    99 | D        | Reached XP level 3. HP: 27/27 MP: 3/3
    99 | D        | Reached XP level 4. HP: 32/32 MP: 4/4
   100 | D        | Reached skill level 8 in Short Blades
   192 | D        | Reached XP level 5. HP: 37/37 MP: 5/5
   193 | D        | Noticed a water moccasin
   194 | D        | Reached **** piety under Trog
   197 | D        | Reached skill level 9 in Short Blades
   199 | D        | Reached skill level 5 in Dodging
   199 | D        | Noticed a flying skull
   200 | D        | Reached ***** piety under Trog
   204 | D        | Reached skill level 10 in Short Blades
   207 | D        | Noticed an ice beast
   209 | D        | Killed a water moccasin
   210 | D        | Reached skill level 11 in Short Blades
   210 | D        | Reached XP level 6. HP: 45/45 MP: 6/6
   235 | D        | Killed a flying skull
   236 | D        | Reached skill level 12 in Short Blades
   236 | D        | Reached XP level 7. HP: 20/52 MP: 7/7
   258 | D        | Reached skill level 10 in Fighting
   258 | D        | Reached skill level 13 in Short Blades
   435 | D        | Reached ****** piety under Trog
   436 | D        | Reached skill level 5 in Armour
   437 | D        | Noticed a bog body
   447 | D        | Slain by a bog body

Illustrated notes

Levels and vault maps discovered:
D:        pitsprint [storerooms_1, entrance_room_1, metal_vault_6, armoury_1,
          mini_pit_1, grid_room_1, main_hall_1, silver_pit, the_coven_3,
          the_vestibule_1, steel_vault_1, golden_pit, hallway_of_sentries,
          crystal_vault_4, iron_vault_5, final_vault]

Skill      XL: |  1  2  3  4  5  6  7 |
---------------+----------------------+-----
Fighting       | 4 6 8 9 10 | 10.3
Short Blades   | 5 7 8 11 12 13 | 13.5
Armour         | 2 3 4 5 |  5.0
Dodging        | 4 6 7 |  7.2
Stealth        | 1 2 |  2.8

Action                   |  1- 3 |  4- 6 |  7- 9 || total
-------------------------+-------+-------+-------++-------
Melee: Dagger            |    12 |    44 |    31 ||    87
       Short sword       |     3 |       |       ||     3
Invok: Berserk           |     1 |     1 |     1 ||     3
  Use: Potion            |     1 |     2 |       ||     3
 Stab: Sleeping          |     1 |       |     1 ||     2
Armor: Ring mail         |       |     3 |     4 ||     7
Dodge: Dodged            |     8 |    21 |    13 ||    42

Table legend: (Time is in decaauts)
 A = Elapsed time spent in this place.
 B = Non-inter-level travel time spent in this place.
 C = Inter-level travel time spent in this place.
 D = Time resting spent in this place.
 E = Time spent auto-exploring this place.
 F = Levels seen in this place.
 G = Mean time per level.
                   A        B        C        D        E       F      G
               +--------+--------+--------+--------+--------+-----+--------+
         Total |    418 |    418 |      0 |    183 |     35 |   1 |  418.0 |
       Dungeon |    418 |    418 |      0 |    183 |     35 |   1 |  418.0 |
               +--------+--------+--------+--------+--------+-----+--------+

Top non-repeatable levels by time:
       D: 418 daAuts
